 Dungeon Crawl Stone Soup version 0.16-a0-3667-g690a316 (webtiles) character file.

3684 Thrassey the Martial Artist (level 9, 0/123 HPs)
             Began as a Bearkin Monk on Mar 16, 2015.
             Succumbed to a scorpion's poison
             ... on level 5 of the Dungeon.
             The game lasted 00:17:22 (6941 turns).

Thrassey the Martial Artist (Bearkin Monk)          Turns: 6941, Time: 00:17:22

Health: 0/123      AC:  4    Str: 21    XL:     9   Next: 90%
Magic:  9/9        EV: 26    Int:  9    God:
Gold:   80         SH:  0    Dex: 22    Spells: 0 memorised, 8 levels left

rFire  . . .     SeeInvis .       - Unarmed
rCold  . . .     Clarity  .     a - +0 robe
rNeg   + . .     SustAb   .     (no shield)
rPois  .         Gourm    .     (no helmet)
rElec  .         Spirit   .     (no cloak)
rCorr  .         Warding  .     (no gloves)
rMut   .         Stasis   .     (no boots)
MR     .....                    u - amulet of rage
Stlth  ..........               p - ring of loudness (curse)
                                o - ring of positive energy

@: mighty, agile, berserking, lethally poisoned, flying, very quick, not
resistant to hostile enchantments, extremely unstealthy
A: claws 2, fangs 1, robust 1, shaggy fur 2, hind claws 1, cornered berserk
a: Cornered Berserk, Evoke Berserk Rage


You were on level 5 of the Dungeon.
You were not hungry.

You visited 2 branches of the dungeon, and saw 6 of its levels.

You collected 189 gold pieces.

Inventory:

Hand weapons
 b - a +2 blowgun
Armour
 a - a +0 robe (worn)
 q - a +1 helmet of intelligence
Jewellery
 g - an uncursed ring of teleportation
 k - a +2 ring of strength
 o - a ring of positive energy (left claw)
 p - a cursed ring of loudness (right claw)
 u - an amulet of rage (around neck)
Magical devices
 h - a wand of slowing (14)
 l - a wand of teleportation (1)
 y - a wand of disintegration (8)
Scrolls
 d - a scroll of enchant weapon
 i - a scroll of remove curse
 t - a scroll of fear
Comestibles
 j - a slice of pizza
 m - 4 bread rations


   Skills:
 - Level 8.5 Fighting
 * Level 9.3 Dodging
 - Level 1.5 Stealth
 - Level 10.0 Unarmed Combat


You had 8 spell levels left.
You didn't know any spells.

Dungeon Overview and Level Annotations

Branches:
Dungeon (5/15)             Temple (1/1) D:5

Altars:
Cheibriados
Nemelex Xobeh
Qazlal
Xom

Annotations:
D:5 exclusion: 2 doors


Innate Abilities, Weirdness & Mutations

You have very sharp fingernails.
You have very sharp teeth.
You are robust (+10% HP).
You are covered in thick fur (AC +2).
Your hind legs have claws.
You can berserk when greatly wounded.


Message History

You feel yourself moving faster!
You feel mighty!
* * * LOW HITPOINT WARNING * * *
You feel sick. The bat closely misses you.
The bat is caught in a web!
Unknown command.
You feel a strong urge to attack something.
The bat pulls away from the web.
You mangle the bat!!
You kill the bat!
* * * LOW HITPOINT WARNING * * *
You feel sick. The bat misses you.
You barely miss the bat.
Your hind claws misses the bat.
The bat closely misses you.
You barely miss the bat.
Your hind claws misses the bat.
* * * LOW HITPOINT WARNING * * *
You feel sick. The bat barely misses you. The bat completely misses you.
You claw the bat!
You kill the bat!
You barely miss the giant mite. You claw the giant mite.
The giant mite is moderately wounded.
You die... #.###### #.. #......# ###.. ####.#.# #..## #. ###†.#.### #.##{ .#s #..###...# #.# #..s. #.######.####.# YPPP

##.#.# #......### ..#
#..#.####...####..
##.##@##......#..###.#
#PP.s##....#####.....#
#.†..#...#...######..#
#..P.P.^##................
###P.PP##..#.###.....###[#
#......#...#.#......## #.#
P....P####.#....###.## #.#
..... #.##...# #.)###.#
.#.#####.#....# ##).##..


You could see a giant mite.

Vanquished Creatures
  Grinder (D:4)
  The ghost of ElderVIII the Ruffian, an average BeGl (D:4)
  An ice beast (D:5)
  An ogre (D:4)
  2 phantoms
  2 centaurs
  A giant frog (D:4)
  Blork the orc (D:4)
  6 scorpions
  A crimson imp (D:5)
  A hound (D:5)
  3 orc priests
  An orc wizard (D:5)
  A giant frog skeleton (D:4)
  4 worker ants
  Ijyb (D:2)
  Jessica (D:2)
  Terence (D:2)
  Robin (D:3)
  5 adders
  3 gnolls
  A shadow imp (D:5)
  2 giant mites
  2 worms (D:2)
  3 giant geckos
  12 orcs
  A bat skeleton (D:5)
  3 giant cockroaches
  22 goblins
  18 hobgoblins
  5 jackals
  2 ball pythons
  16 bats
  9 giant newts
  18 kobolds
  A quokka skeleton (D:4)
  11 rats
165 creatures vanquished.

Vanquished Creatures (others)
  Prince Ribbit (D:4)
  A big kobold (D:4)
2 creatures vanquished.

Grand Total: 167 creatures vanquished

Notes
Turn   | Place    | Note
--------------------------------------------------------------
     0 | D:1      | Thrassey, the Bearkin Monk, began the quest for the Orb.
     0 | D:1      | Reached XP level 1. HP: 18/18 MP: 1/1
   262 | D:1      | Reached XP level 2. HP: 24/24 MP: 2/2
   777 | D:1      | Reached skill level 5 in Unarmed Combat
   778 | D:1      | Reached XP level 3. HP: 26/29 MP: 3/3
  1253 | D:2      | Noticed Ijyb
  1266 | D:2      | Killed Ijyb
  1407 | D:2      | Gained mutation: You have very sharp fingernails. [bearkin transformation]
  1407 | D:2      | Reached XP level 4. HP: 35/35 MP: 4/4
  1544 | D:2      | Noticed Jessica
  1552 | D:2      | Killed Jessica
  1559 | D:2      | Reached skill level 6 in Unarmed Combat
  2064 | D:2      | Found a snail-covered altar of Cheibriados.
  2072 | D:2      | Reached XP level 5. HP: 15/41 MP: 5/5
  2073 | D:2      | HP: 3/61 [hobgoblin/club (6)]
  2657 | D:2      | Noticed Terence
  2667 | D:2      | Killed Terence
  2989 | D:3      | Noticed Robin
  2995 | D:3      | Killed Robin
  3311 | D:3      | Reached skill level 7 in Unarmed Combat
  3679 | D:3      | Gained mutation: You are covered in thick fur (AC +2). [bearkin transformation]
  3679 | D:3      | Reached XP level 6. HP: 35/47 MP: 6/6
  4224 | D:4      | Noticed ElderVIII's ghost (average BeGl)
  4243 | D:4      | Killed ElderVIII's ghost
  4243 | D:4      | Reached skill level 8 in Unarmed Combat
  4517 | D:4      | Found a sparkling altar of Nemelex Xobeh.
  4565 | D:4      | Reached XP level 7. HP: 18/52 MP: 7/7
  4788 | D:4      | Found a stormy altar of Qazlal.
  4791 | D:4      | Gained mutation: You have a pair of small antennae on your head. [helix card]
  4792 | D:4      | Drew Focus: Dex increased to 16, Int decreased to 9
  4794 | D:4      | Hired Phuvotif the big kobold for 109 gold.
  4860 | D:4      | Noticed Grinder
  4860 | D:4      | Paralysed by Grinder for 5 turns
  4881 | D:4      | Paralysed by Grinder for 6 turns
  4891 | D:4      | Your ally Phuvotif died
  4933 | D:4      | Paralysed by Grinder for 5 turns
  4944 | D:4      | Killed Grinder
  4944 | D:4      | Reached skill level 9 in Unarmed Combat
  5267 | D:4      | Noticed Prince Ribbit
  5299 | D:4      | Reached skill level 10 in Unarmed Combat
  5320 | D:4      | Gained mutation: You have very sharp teeth. [bearkin transformation]
  5320 | D:4      | Reached XP level 8. HP: 31/58 MP: 8/8
  5394 | D:4      | Killed Prince Ribbit
  5542 | D:4      | Noticed Blork the orc
  5551 | D:4      | Killed Blork the orc
  5883 | D:5      | Entered Level 5 of the Dungeon
  5883 | D:5      | Found a staircase to the Ecumenical Temple.
  6246 | Temple   | Entered the Ecumenical Temple
  6304 | D:5      | Reached skill level 5 in Dodging
  6724 | D:5      | Found a shimmering altar of Xom.
  6921 | D:5      | Lost mutation: You have a pair of small antennae on your head. [potion of cure mutation]
  6924 | D:5      | Gained mutation: You are robust (+10% HP). [bearkin transformation]
  6924 | D:5      | Reached XP level 9. HP: 16/82 MP: 9/9
  6931 | D:5      | HP: 4/82 [poisoned by a scorpion]
  6937 | D:5      | HP: 2/123 [poisoned by a scorpion]
  6941 | D:5      | Succumbed to a scorpion's poison

Action                   |  1- 3 |  4- 6 |  7- 9 || total
-------------------------+-------+-------+-------++-------
Melee: Unarmed           |   122 |   231 |   156 ||   509
 Abil: Cornered Berserk  |       |     3 |     1 ||     4
       Evoke Berserk Rag |       |       |     2 ||     2
Evoke: Deck              |       |       |     9 ||     9
  Use: Scroll            |     2 |     5 |     6 ||    13
       Potion            |       |       |     9 ||     9
 Stab: Sleeping          |       |     4 |       ||     4
  Eat: Chunk             |     1 |    11 |     1 ||    13
       Beef jerky        |       |     1 |       ||     1
       Bread ration      |       |       |     2 ||     2
